 Dungeon Crawl Stone Soup version 0.23-a0-650-ga4d50d4 (console) character file.

324 bli the Slasher (level 6, 0/48 HPs)
             Began as a Formicid Abyssal Knight on Jan 4, 2019.
             Was a Believer of Lugonu.
             Killed from afar by Sigmund (6 damage)
             ... with a puff of flame
             ... on level 4 of the Dungeon.
             The game lasted 00:10:06 (3683 turns).

bli the Slasher (Formicid Abyssal Knight)           Turns: 3683, Time: 00:10:07

Health: 0/48       AC:  3    Str: 19    XL:     6   Next: 78%
Magic:  7/7        EV: 11    Int: 11    God:    Lugonu [**....]
Gold:   203        SH:  4    Dex: 10    Spells: 5/5 levels left

rFire    . . .     SeeInvis +   a - +1 falchion
rCold    . . .     Gourm    .   q - +0 buckler
rNeg     . . .     Faith    .   b - +0 leather armour
rPois    .         Spirit   .   (helmet unavailable)
rElec    .         Reflect  .   (no cloak)
rCorr    .         Harm     .   (no gloves)
MR       .....                  (no boots)
Stlth    +.........             (no amulet)
HPRegen  0.16/turn              (no ring)
MPRegen  0.10/turn              (no ring)

@: no status effects
A: permanent stasis, dig shafts and tunnels, four strong arms, antennae 3
a: Dig, Shaft Self, Depart the Abyss, Bend Space, Renounce Religion


You were on level 4 of the Dungeon.
You worshipped Lugonu.
Lugonu was pleased with you.
You were hungry.

You visited 1 branch of the dungeon, and saw 4 of its levels.
You visited the Abyss 1 time.

You collected 203 gold pieces.

Inventory:

Hand Weapons
 a - a +1 falchion (weapon)
 s - a +0 short sword
 t - a +0 blowgun
Missiles
 e - 8 tomahawks (quivered)
 g - 66 stones
 j - 30 sling bullets
 o - 30 poisoned needles
Armour
 b - a +0 leather armour (worn)
 f - a +0 buckler
 i - a +0 ring mail
 p - a +0 scale mail
 q - a +0 buckler (worn)
 w - a +0 scale mail
Scrolls
 d - 11 scrolls of identify {unknown}
 h - 3 scrolls of magic mapping {unknown}
 k - 3 scrolls of remove curse {unknown}
 l - a scroll of blinking {unknown}
 n - a scroll of enchant armour {unknown}
 r - a scroll of amnesia {unknown}
 v - a scroll of fog {unknown}
Potions
 m - a potion of curing
 u - a potion of agility {unknown}
 x - a potion of magic {unknown}
Comestibles
 c - 7 rations


   Skills:
 + Level 3.8 Fighting
 + Level 5.3 Long Blades
 + Level 3.6 Armour
 - Level 0.8 Dodging
 * Level 2.1 Shields
 - Level 2.1 Invocations


You had 5 spell levels left.
You didn't know any spells.
Your spell library was empty.

Dungeon Overview and Level Annotations

Branches:
Dungeon (4/15)
 Temple: D:4-7

Altars:

Shops:
D:4 (

Annotations:
D:4 Sigmund


Innate Abilities, Weirdness & Mutations

You cannot be hasted, slowed, berserked, paralysed or teleported.
You can dig through walls and to a lower floor.
Your four strong arms can wield two-handed weapons with a shield.
You have a pair of large antennae on your head. (SInv)


Message History

* * * LOW HITPOINT WARNING * * *
You hit the leopard gecko skeleton.
The leopard gecko skeleton is severely damaged.
The leopard gecko skeleton bites you but does no damage.
You slash the leopard gecko skeleton!
You destroy the leopard gecko skeleton!
Lugonu accepts your kill.
The phantom blinks!
Found a ration.
You see here a ration.
c - 7 rations (gained 1)
Found a dagger.
Found a dagger.
The phantom blinks!
Sigmund the Dreaded comes into view.
He is wielding a +0 scythe.
Sigmund gestures wildly while chanting.
Sigmund flickers and vanishes for a moment.
Sigmund points at you and mumbles some strange words.
The puff of flame hits you!
You die...

.........# #.###.####
......# #.##### ...# ...#
...# # ## ...# #.##.## ##
...# #.#...######..#
...#######
#......#.......
.........###....@.......#
...................)@...#
.........###............#
...#)##### #......#.....#
...#.# #.....########
...#.# ##..#.## ...#.#
#...#.# ...).# ###.#.#.#
.....# #...#...## #.#)##
#.####...# ..#.#
#...#....#


You could see Sigmund (invisible).

Vanquished Creatures
  A crimson imp (D:3)
  2 orc priests (D:4)
  3 orc wizards
  2 worker ants
  4 adders
  A worm (D:2)
  A dart slug (D:1)
  8 orcs
  4 giant cockroaches
  8 goblins
  4 hobgoblins
  2 jackals (D:1)
  6 kobolds
  A quokka (D:4)
  A ball python (D:3)
  4 bats
  5 frilled lizards
  A leopard gecko skeleton (D:4)
  2 rats
60 creatures vanquished.

Notes
Turn   | Place    | Note
-------+----------+-------------------------------------------
     0 | Abyss:1  | bli the Formicid Abyssal Knight began the quest for the
                  | Orb.
     0 | Abyss:1  | Reached XP level 1. HP: 18/18 MP: 2/2
    51 | Abyss:1  | Noticed an earth elemental
    70 | Abyss:1  | Noticed a hellwing
    94 | D:1      | Escaped the Abyss
   184 | D:1      | Reached * piety under Lugonu
   184 | D:1      | Reached XP level 2. HP: 22/24 MP: 3/3
   301 | D:1      | Reached skill level 3 in Long Blades
   727 | D:1      | Reached XP level 3. HP: 23/29 MP: 4/4
  1760 | D:3      | Reached XP level 4. HP: 19/35 MP: 5/5
  1770 | D:3      | Reached skill level 4 in Long Blades
  2513 | D:3      | Reached XP level 5. HP: 39/41 MP: 6/6
  2540 | D:3      | Reached skill level 1 in Shields
  2813 | D:3      | Reached ** piety under Lugonu
  3081 | D:4      | Reached XP level 6. HP: 35/47 MP: 7/7
  3149 | D:4      | Reached skill level 5 in Long Blades
  3156 | D:4      | Noticed a phantom
  3564 | D:4      | Found Apsestabb's Antique Weapon Emporium.
  3657 | D:4      | HP: 2/48 [leopard gecko skeleton (4)]
  3680 | D:4      | Noticed Sigmund
  3683 | D:4      | Killed from afar by Sigmund

Vault maps used:
D:1:      nzn_arrival_settlement
D:4:      zin_statuary, serial_shops, nicolae_shop_behind_doors, shop,
          gup_sewer_entry_bowl, uniq_sigmund

Skill      XL: |  1  2  3  4  5  6 |
---------------+-------------------+-----
Long Blades    | 3 4 5 |  5.3
Armour         | 3 |  3.6
Shields        | 1 2 |  2.1
Fighting       | |  3.8
Dodging        | |  0.8
Invocations    | |  2.1

Action                   |  1- 3 |  4- 6 || total
-------------------------+-------+-------++-------
Melee: Falchion          |    75 |   141 ||   216
Throw: Tomahawk          |     1 |    19 ||    20
Invok: Depart the Abyss  |     1 |       ||     1
  Use: Potion            |       |     2 ||     2
  Eat: Chunk             |     2 |     3 ||     5
       Ration            |       |     1 ||     1
Armor: Leather armour    |    23 |    34 ||    57
Dodge: Dodged            |    44 |    80 ||   124
Block: Buckler           |       |    20 ||    20
       Rpst.: Falchion   |    20 |    23 ||    43

Table legend:
 A = Non-vault XP
 B = Vault XP
 C = Vault XP percentage of total XP
 D = Non-vault monster count
 E = Vault monster count
 F = Vault count percentage of total count
                 A         B        C        D         E       F
            +---------+---------+-------+---------+---------+-------
      Total |     464 |       0 |   0.0 |      60 |       0 |   0.0
            +---------+---------+-------+---------+---------+-------
        D:1 |      30 |       0 |   0.0 |      17 |       0 |   0.0
        D:2 |      32 |       0 |   0.0 |      10 |       0 |   0.0
        D:3 |     185 |       0 |   0.0 |      23 |       0 |   0.0
        D:4 |     217 |       0 |   0.0 |      10 |       0 |   0.0
            +---------+---------+-------+---------+---------+-------
